 Dungeon Crawl Stone Soup version 0.23.1 (webtiles) character file.

Game seed: 9666994237427743486

3735 Borgoz the Sneak (level 10, -4/81 HPs)
             Began as a Ghoul Enchanter on Mar 14, 2019.
             Was a Believer of Ashenzari.
             Slain by an ice beast (6 damage)
             ... on level 9 of the Dungeon.
             The game lasted 00:30:43 (9612 turns).

Borgoz the Sneak (Ghoul Enchanter)                  Turns: 9612, Time: 00:30:44

Health: -4/81      AC: 10    Str: 13    XL:     10   Next: 15%
Magic:  2/13       EV: 17    Int: 10    God:    Ashenzari [**....]
Gold:   214        SH:  0    Dex: 12    Spells: 9/15 levels left

rFire    + . .     SeeInvis .   u - +1 rapier (flame)
rCold    + . .     Gourm    .   (no shield)
rNeg     + + +     Faith    .   x - +3 leather armour {rF+}
rPois    ∞         Spirit   .   k - +0 helmet (curse)
rElec    .         Reflect  .   c - scarf {cloud immunity}
rCorr    .         Harm     .   v - +0 pair of gloves
MR       .....                  q - +0 pair of boots
Stlth    ++++......             (no amulet)
HPRegen  0.00/turn              j - ring of stealth
MPRegen  0.13/turn              b - +4 ring of evasion (curse)

@: very slightly contaminated, rotting
A: rotting body, claws 1, carnivore, cold resistance 1, negative energy
resistance 3, inhibited regeneration, torment resistance, unbreathing
a: Curse Item, Scrying, Renounce Religion


You were on level 9 of the Dungeon.
You worshipped Ashenzari.
Ashenzari was pleased with you.
You were not hungry.

You visited 2 branches of the dungeon, and saw 10 of its levels.

You collected 214 gold pieces.

Inventory:

Hand Weapons
 h - a +1 short sword of draining
 p - a +3 quarterstaff of chaos
 u - a +1 rapier of flaming (weapon)
Missiles
 r - 17 poisoned needles
Armour
 c - a scarf of cloud immunity (worn)
 k - a cursed +0 helmet (worn)
 q - a +0 pair of boots (worn)
 v - a +0 pair of gloves (worn)
 x - a +3 leather armour of fire resistance (worn)
Jewellery
 b - a cursed +4 ring of evasion (right hand)
 i - an uncursed ring of flight
 j - a ring of stealth (left hand)
Wands
 g - a wand of flame (3)
Scrolls
 a - a scroll of fog
 e - 3 scrolls of remove curse
 f - 3 scrolls of immolation
 l - 2 scrolls of identify
 m - a scroll of magic mapping
Potions
 n - a potion of cancellation
Comestibles
 d - 8 rations


   Skills:
 + Level 5.0 Fighting
 * Level 6.1 Short Blades
 * Level 5.5 Armour
 + Level 4.7 Dodging
 + Level 6.8 Stealth
 - Level 3.2 Spellcasting
 + Level 4.4 Hexes
 - Level 1.5 Ice Magic
 + Level 3.0 Evocations


You had 9 spell levels left.
You knew the following spells:

 Your Spells              Type           Power        Failure   Level  Hunger
a - Corona                Hex            ##.....      5%          1    #......
b - Ensorcelled Hibernat  Hex/Ice        #.....       16%         2    ###....
c - Confuse               Hex            ##......     16%         3    ###....

Your spell library contained the following spells:

 Spells                   Type           Power        Failure   Level  Hunger
 Tukima's Dance           Hex            ##......     16%         3    ###....
 Dazzling Spray           Conj/Hex       #.....       38%         3    ###....


Dungeon Overview and Level Annotations

Branches:
Dungeon (9/15)             Temple (1/1) D:7
   Lair: D:8-11         Orc: D:9-12

Altars:
Ashenzari
Cheibriados
Dithmenos
Fedhas
Gozag
Hepliaklqana
Kikubaaqudgha
Makhleb
Nemelex Xobeh
Okawaru
Qazlal
Ru
Sif Muna
Trog
Uskayaw
Vehumet
Wu Jian
Xom
Yredelemnul
Zin
Lugonu

Annotations:
D:6 2 transporters
D:8 Grum


Innate Abilities, Weirdness & Mutations

Your body is rotting away.
You thrive on raw meat.
You are immune to poison.
You have sharp fingernails.
You are carnivorous and can eat meat at any time.
Your flesh is cold resistant. (rC+)
You are immune to negative energy. (rN+++)
You do not regenerate when monsters are visible.
You are immune to unholy pain and torment.
You can survive without breathing.


Message History

The puff of flame hits the ice beast!
The ice beast melts!
The ice beast is heavily wounded.
Casting: Ensorcelled Hibernation (safe; 16% risk of failure)
Confirm with . or Enter, or press ? or * to list all spells.
Aiming: Confuse (safe; 16% risk of failure)
Press: ? - help, Shift-Dir - straight line, f/p - ice beast
Aim: an ice beast (heavily wounded, chance to defeat MR: 41%)
The ice beast resists with some effort.
You puncture the ice beast!
You melt the ice beast.
The ice beast is almost dead.
The ice beast hits you.
* * * LOW HITPOINT WARNING * * *
The ice beast freezes you. You resist.
* * * LOW HITPOINT WARNING * * *
You hit the ice beast.
You melt the ice beast.
The ice beast is almost dead.
The ice beast hits you.
* * * LOW HITPOINT WARNING * * *
The ice beast freezes you. You resist.
You die...

, ,, . , *
.[ , ,,,, ,
, ... *
.... * *
#.... ,
#.....#####
#......<..#
..#....{#@#
, ,
,#...#.Y.#
, ,
##..$.### ≈
......# ,
.###..## #
#.. * #.. *
* ## ,


You could see an ice beast.

Vanquished Creatures
  A two-headed ogre (D:7)
  Sigmund (D:2)
  5 yaks (D:7)
  Eustachio (D:6)
  An orc warrior (D:5)
  2 ogres
  5 necrophages
  A wolf (D:8)
  2 centaurs
  3 bullfrogs
  A scorpion (D:6)
  2 howler monkeys (D:7)
  A bullfrog zombie (D:7)
  2 orc priests (D:6)
  Crazy Yiuf (D:3)
  5 hounds
  A jelly (D:3)
  A bullfrog skeleton (D:4)
  A centaur skeleton (D:5)
  5 orc wizards
  6 worker ants
  2 hound skeletons
  2 worker ant zombies
  Robin (D:3)
  9 adders
  2 oozes (D:2)
  An adder zombie (D:7)
  An adder skeleton (D:4)
  7 worms
  A dart slug (D:1)
  9 leopard geckos
  15 orcs
  2 ball pythons
  3 bats
  4 giant cockroaches
  18 goblins
  5 hobgoblins
  3 kobolds
  2 quokkas (D:4)
  5 frilled lizards
  A leopard gecko zombie (D:8)
  2 quokka skeletons
  7 rats
  A bush (D:7)
151 creatures vanquished.

Vanquished Creatures (others)
  5 plants (D:7)
5 creatures vanquished.

Grand Total: 156 creatures vanquished

Notes
Turn   | Place    | Note
-------+----------+-------------------------------------------
     0 | D:1      | Borgoz the Ghoul Enchanter began the quest for the Orb.
     0 | D:1      | Reached XP level 1. HP: 14/14 MP: 2/2
    90 | D:1      | Reached skill level 1 in Short Blades
   364 | D:1      | Reached XP level 2. HP: 20/20 MP: 3/3
  1227 | D:1      | Learned a level 2 spell: Ensorcelled Hibernation
  1336 | D:2      | Reached XP level 3. HP: 26/26 MP: 1/5
  1341 | D:2      | Learned a level 3 spell: Confuse
  1425 | D:3      | Found a faded altar of an unknown god.
  1472 | D:3      | You fall through a shaft for 3 floors!
  1503 | D:5      | Entered Level 5 of the Dungeon
  1541 | D:5      | Noticed an ogre
  1652 | D:5      | Reached XP level 4. HP: 18/34 MP: 3/6
  1684 | D:5      | Reached skill level 1 in Fighting
  2139 | D:3      | Found a shattered altar of Ashenzari.
  2203 | D:3      | Reached XP level 5. HP: 39/40 MP: 7/7
  2250 | D:3      | Noticed Robin
  2512 | D:3      | Became a worshipper of Ashenzari the Shackled
  2540 | D:3      | Killed Robin
  2540 | D:3      | Reached skill level 1 in Ice Magic
  2723 | D:3      | Reached skill level 1 in Armour
  3167 | D:3      | Found a runed translucent door.
  3168 | D:3      | Noticed Crazy Yiuf
  3256 | D:3      | Killed Crazy Yiuf
  3670 | D:2      | Reached XP level 6. HP: 38/44 MP: 8/8
  3983 | D:2      | Found a hazy altar of Hepliaklqana.
  4017 | D:2      | Noticed Sigmund
  4030 | D:2      | Killed Sigmund
  4399 | D:3      | Reached XP level 7. HP: 48/53 MP: 9/9
  4596 | D:4      | Found a sacrificial altar of Ru.
  4599 | D:4      | Found an ancient bone altar of Kikubaaqudgha.
  4602 | D:4      | Found a shimmering altar of Xom.
  4605 | D:4      | Found a radiant altar of Vehumet.
  5107 | D:4      | Reached * piety under Ashenzari
  5216 | D:5      | HP: 2/56 [centaur/arrow (3)]
  5230 | D:5      | Found a stormy altar of Qazlal.
  5233 | D:5      | You fall through a shaft for 2 floors!
  5581 | D:7      | Reached skill level 5 in Stealth
  5640 | D:7      | Reached XP level 8. HP: 51/61 MP: 3/11
  6181 | D:7      | Found a staircase to the Ecumenical Temple.
  6341 | D:6      | Found a basalt altar of Yredelemnul.
  6384 | D:6      | HP: 3/63 [hound (2)]
  6509 | D:6      | Noticed Eustachio
  6513 | D:6      | Found an iron altar of Okawaru.
  6659 | D:6      | Found a transporter.
  6663 | D:6      | Found a glowing silver altar of Zin.
  6673 | D:6      | Found a transporter.
  7299 | D:5      | Reached skill level 1 in Evocations
  7892 | D:6      | Killed Eustachio
  7892 | D:6      | Reached XP level 9. HP: 50/70 MP: 0/12
  8201 | Temple   | Entered the Ecumenical Temple
  8275 | D:7      | Reached ** piety under Ashenzari
  8405 | D:7      | Found a blossoming altar of Fedhas.
  8636 | D:7      | Reached skill level 5 in Short Blades
  8834 | D:8      | Noticed a troll
  9185 | D:7      | Reached skill level 5 in Armour
  9264 | D:8      | Noticed a two-headed ogre
  9295 | D:7      | Killed a two-headed ogre
  9295 | D:7      | Reached XP level 10. HP: 50/80 MP: 9/13
  9544 | D:8      | Noticed Grum
  9545 | D:8      | Reached skill level 5 in Fighting
  9570 | D:8      | HP: 4/81 [Grum/+0 spear (6)]
  9611 | D:9      | HP: 3/81 [ice beast (3)]
  9612 | D:9      | Slain by an ice beast

Skill      XL: |  1  2  3  4  5  6  7  8  9 10 |
---------------+-------------------------------+-----
Short Blades   | 1 2 3 4 6 |  6.1
Spellcasting   | 2 3 |  3.2
Stealth        | 4 5 6 |  6.8
Dodging        | 2 3 4 |  4.7
Fighting       | 1 2 3 4 5 |  5.0
Ice Magic      | 1 |  1.5
Armour         | 1 2 4 5 |  5.5
Hexes          | 3 4 |  4.4
Evocations     | 1 2 3 |  3.0

Action                   |  1- 3 |  4- 6 |  7- 9 | 10-12 || total
-------------------------+-------+-------+-------+-------++-------
Melee: Dagger            |    88 |   191 |   123 |       ||   402
       Short sword       |       |       |    76 |       ||    76
       Rapier            |       |       |   166 |    26 ||   192
 Cast: Corona            |     3 |       |       |       ||     3
       Ensorcelled Hiber |     2 |    17 |    39 |     6 ||    64
       Confuse           |       |     2 |    11 |     1 ||    14
Invok: Curse Item        |       |       |     1 |       ||     1
Evoke: Wand              |       |       |    22 |     3 ||    25
  Use: Scroll            |     4 |     3 |     5 |     1 ||    13
       Potion            |     2 |     3 |    10 |     2 ||    17
 Stab: Sleeping          |    11 |    20 |    27 |     1 ||    59
       Confused          |       |       |     7 |       ||     7
       Distracted        |       |       |     1 |       ||     1
  Eat: Chunk             |     7 |    13 |    33 |       ||    53
Armor: Robe              |     3 |       |       |       ||     3
       Leather armour    |    12 |    34 |    51 |    15 ||   112
Dodge: Dodged            |    49 |   130 |   255 |    57 ||   491
